 Dungeon Crawl Stone Soup version 0.31-a0-187-gba352fbbf7 (webtiles) character file.

Game seed: 14272080836162255044

168 qw the Skirmisher (level 5, -1/29 HPs)
             Began as a Deep Elf Hunter on June 22, 2023.
             Slain by Edmund
             ... wielding a +3 flail of protection
              (10 damage)
             ... on level 3 of the Dungeon.
             The game lasted 00:00:56 (2213 turns).

qw the Skirmisher (Deep Elf Hunter)                 Turns: 2213, Time: 00:00:57

Health: -1/29      AC:  5    Str:  7 (10) XL:     5   Next: 24%
Magic:  7/7        EV: 10    Int: 12 (14) God:
Gold:   208        SH:  0    Dex: 17 (18) Spells: 4/4 levels left

rFire   + . .        Y - +1 shortbow
rCold   . . .        (shield currently unavailable)
rNeg    . . .        e - +0 ring mail
rPois   .            (no helmet)
rElec   .            (no cloak)
rCorr   .            (no gloves)
SInv    .            (no boots)
Will    .....        (no amulet)
Stlth   +            j - ring of protection from fire
HPRegen 0.24/turn    (no ring)
MPRegen 0.10/turn

%: no passive effects
@: mighty
A: no striking features
a: no special abilities


You were on level 3 of the Dungeon.
You visited 1 branch of the dungeon, and saw 4 of its levels.

You collected 208 gold pieces.


   Skills:
 - Level 1.5 Fighting
 + Level 8.7 Ranged Weapons
 - Level 2.4 Dodging
 - Level 1.2 Stealth


You had 4 spell levels left.
You didn't know any spells.
Your spell library was empty.

Inventory:

Hand Weapons
 Y - a +1 shortbow (weapon)
Armour
 e - a +0 ring mail (worn)
Jewellery
 j - a ring of protection from fire (left hand)
Scrolls
 a - a scroll of identify
Potions
 c - a potion of haste
 d - a potion of enlightenment
 i - a potion of curing
 k - a potion of might

Dungeon Overview and Level Annotations

Branches:
Dungeon (4/15)
 Temple: D:4-7

Altars:

Annotations:
D:3 Edmund


Message History

Found a scroll labelled QYMUEL UHAESM, a polished mace and a robe.
Found a stone staircase leading up.
There is a stone staircase leading up here.
An ufetubus is nearby!
Waypoint 3 assigned to D:4.
You shoot an arrow. The arrow hits the ufetubus.
The ufetubus shouts!
The ufetubus is heavily wounded.
You hear a shout!
The ufetubus barely misses you.
The ufetubus hits you but does no damage.
You shoot an arrow. The arrow hits the ufetubus.
The ufetubus is severely wounded.
The ufetubus hits you but does no damage.
The ufetubus barely misses you. The ufetubus closely misses you.
The ufetubus barely misses you.
Edmund the Younger comes into view.
He is wielding a +3 flail of protection.
You shoot an arrow. The arrow hits the ufetubus!
You kill the ufetubus!
An adder comes into view.
A giant cockroach comes into view.
The giant cockroach moves out of view.
You shoot an arrow. The arrow hits the adder!
The adder is almost dead.
The adder barely misses you.
You shoot an arrow. The arrow hits the adder!
You kill the adder!
You shoot an arrow.
The arrow hits Edmund but does no damage.
Edmund hits you with a +3 flail of protection!
Edmund barely misses you.
2210 ||| STAIRDANCE Edmund hits you with a +3 flail of protection.
You climb upwards.
There is a stone staircase leading down here.
You shoot an arrow. The arrow closely misses Edmund.
Edmund hits you with a +3 flail of protection!
You shoot an arrow. The arrow hits Edmund.
Edmund is lightly wounded.
Edmund says, "People accused me of being a cutpurse!"
Edmund hits you with a +3 flail of protection!
You die...

#...........##............##.
#...........##............##.
#.........................##.
#####...#......#####......##.
#...#!.....# #......''.
########......# #......##.
#......#......# #......##.
#......#......#####.#######.
#..........@........#######.
#####....##.@######.......#.
#....##.....#.........#.
####....##..##.####......#.
#.......###.##.....<.....#.
#.......# #..#####.........
#.......####.(## ##........
#..............## #######..
#...#...........###.#####..


You could see Edmund.

Vanquished Creatures
  Natasha (thrice) (D:3)
  A gnoll (D:3)
  2 adders
  An ufetubus (D:4)
  A dart slug (D:3)
  An orc (D:3)
  2 endoplasms (D:2)
  2 giant cockroaches
  7 goblins
  6 hobgoblins
  9 jackals
  2 quokkas (D:2)
  6 ball pythons
  2 bats
  5 frilled lizards
  2 kobolds (D:3)
  9 rats
61 creatures vanquished.

Notes
Turn   | Place    | Note
-------+----------+-------------------------------------------
     0 | D:1      | qw the Deep Elf Hunter began the quest for the Orb.
     0 | D:1      | Reached XP level 1. HP: 12/12 MP: 3/3
     0 | D:1      | 0 ||| qw: Version: 0.3-a-9-g12657ce
     0 | D:1      | 0 ||| qw: Game counter: 2617
     0 | D:1      | 0 ||| qw: Always use a shield: true
     0 | D:1      | 0 ||| qw: God list: Okawaru
     0 | D:1      | 0 ||| qw: Allow faded altars: false
     0 | D:1      | 0 ||| qw: Do Orc after D:15 true
     0 | D:1      | 0 ||| qw: Do second Lair branch before Depths: true
     0 | D:1      | 0 ||| qw: Lair rune preference: random
     0 | D:1      | 0 ||| qw: Plans: Normal
     0 | D:1      | 0 ||| PLANNING D:1-11
    78 | D:1      | HP: 3/12 [jackal (3)]
   224 | D:1      | 224 ||| FLEEEEING.
   225 | D:1      | 225 ||| FLEEEEING.
   226 | D:1      | 226 ||| FLEEEEING.
   227 | D:1      | 227 ||| FLEEEEING.
   228 | D:1      | 228 ||| FLEEEEING.
   229 | D:1      | 229 ||| FLEEEEING.
   230 | D:1      | 230 ||| FLEEEEING.
   232 | D:1      | Reached XP level 2. HP: 15/16 MP: 4/4
   239 | D:1      | Reached skill level 6 in Ranged Weapons
   588 | D:1      | 588 ||| READING 4 scrolls labelled BOTANTIWNY.
   589 | D:1      | 589 ||| READING scroll labelled NAECWODIUG.
   590 | D:1      | 590 ||| READING 3 scrolls of identify.
   590 | D:1      | 590 ||| IDENTIFYING emerald potion
   591 | D:1      | 591 ||| READING 2 scrolls of identify.
   591 | D:1      | 591 ||| IDENTIFYING fizzy golden potion
   592 | D:1      | 592 ||| DROPPING scroll of butterflies.
   593 | D:1      | 593 ||| DROPPING potion of lignification.
   673 | D:2      | Found a faded altar of an unknown god.
   693 | D:2      | Reached XP level 3. HP: 20/20 MP: 5/5
  1166 | D:2      | Reached skill level 7 in Ranged Weapons
  1228 | D:2      | 1228 ||| UPGRADING to +0 ring mail.
  1238 | D:2      | 1238 ||| DROPPING +0 leather armour.
  1239 | D:2      | 1239 ||| UPGRADING to ring of protection from fire.
  1240 | D:2      | 1240 ||| READING scroll labelled NIANWI TEPLIFA.
  1241 | D:2      | 1241 ||| READING scroll labelled SOJAJA CONG.
  1242 | D:2      | 1242 ||| DRINKING 2 bubbling black potions.
  1243 | D:2      | 1243 ||| READING 2 scrolls of identify.
  1243 | D:2      | 1243 ||| IDENTIFYING smoky purple potion
  1244 | D:2      | 1244 ||| DROPPING potion of attraction.
  1464 | D:3      | 1464 ||| FLEEEEING.
  1465 | D:3      | 1465 ||| FLEEEEING.
  1466 | D:3      | 1466 ||| FLEEEEING.
  1477 | D:3      | Noticed Natasha
  1485 | D:3      | Killed Natasha
  1486 | D:3      | Reached XP level 4. HP: 23/25 MP: 6/6
  1527 | D:3      | Noticed Natasha
  1531 | D:3      | Killed Natasha
  1548 | D:3      | Noticed Natasha
  1551 | D:3      | Killed Natasha
  1552 | D:3      | Reached skill level 8 in Ranged Weapons
  1660 | D:3      | Reached XP level 5. HP: 29/29 MP: 7/7
  2088 | D:3      | 2088 ||| DRINKING 2 ruby potions.
  2193 | D:3      | 2193 ||| DRINKING 2 purple potions.
  2194 | D:3      | 2194 ||| DRINKING 2 bubbling brown potions.
  2195 | D:3      | 2195 ||| READING 2 scrolls of identify.
  2195 | D:3      | 2195 ||| IDENTIFYING amethyst potion
  2196 | D:3      | 2196 ||| DROPPING potion of berserk rage.
  2197 | D:3      | 2197 ||| DROPPING potion of degeneration.
  2205 | D:4      | Noticed Edmund
  2210 | D:4      | 2210 ||| STAIRDANCE
  2213 | D:3      | Slain by Edmund

Levels and vault maps discovered:
D:1:      lemuel_arrival_hallway, layout_basic
D:2:      layout_basic, hellmonk_ecumenical_altar_dog_temple,
          chequers_serial_rivers_small_a, kennysheep_nondescript
D:3:      layout_basic, minmay_close_crescents, uniq_natasha
D:4:      kennysheep_kobold_camp, layout_basic, minmay_temple_entry_nine_rooms,
          nicolae_shop_gadgets, uniq_edmund

Skill      XL: |  1  2  3  4 |
---------------+-------------+-----
Ranged Weapons | 6 7 8 |  8.7
Fighting       | |  1.5
Dodging        | |  2.4
Stealth        | |  1.2

Action                     |  1- 3 |  4- 6 || total
---------------------------+-------+-------++-------
   Fire: Shortbow          |   129 |    57 ||   186
    Use: Scroll            |     7 |     1 ||     8
         Potion            |     1 |     3 ||     4
 Armour: Leather armour    |    17 |       ||    17
         Ring mail         |     5 |    11 ||    16
  Dodge: Dodged            |    49 |    21 ||    70

Table legend:
 A = Non-vault XP
 B = Vault XP
 C = Vault XP percentage of total XP
 D = Non-vault monster count
 E = Vault monster count
 F = Vault count percentage of total count
                 A         B        C        D         E       F
            +---------+---------+-------+---------+---------+-------
      Total |     183 |      58 |  24.1 |      54 |       7 |  11.5
            +---------+---------+-------+---------+---------+-------
        D:1 |      27 |       0 |   0.0 |      17 |       0 |   0.0
        D:2 |      35 |       4 |  10.3 |      16 |       2 |  11.1
        D:3 |     100 |      54 |  35.1 |      19 |       5 |  20.8
        D:4 |      21 |       0 |   0.0 |       2 |       0 |   0.0
            +---------+---------+-------+---------+---------+-------
